 Dungeon Crawl Stone Soup version 0.21-a0-71-g5e5ddd2 (webtiles) character file.

2106 xgamer67 the Nimble (level 9, -18/81 HPs)
             Began as an Octopode Assassin on June 19, 2017.
             Was a Follower of Nemelex Xobeh.
             Demolished by a two-headed ogre
             ... wielding a cursed -1 giant club
              (25 damage)
             ... on level 7 of the Dungeon.
             The game lasted 00:21:12 (7061 turns).

xgamer67 the Nimble (Octopode Assassin)             Turns: 7061, Time: 00:21:13

Health: -18/81     AC:  1    Str: 15    XL:     9   Next: 28%
Magic:  9/9        EV: 18    Int: 16    God:    Nemelex Xobeh [*.....]
Gold:   273        SH:  0    Dex: 14    Spells: 7/8 levels left

rFire    . . .     SeeInvis .   a - +1 dagger (elec)
rCold    . . .     Gourm    .   (no shield)
rNeg     . . .     Faith    .   (helmet restricted)
rPois    .         Spirit   .   (no amulet)
rElec    .         Reflect  .   s - ring of stealth
rCorr    .         Harm     .   (no ring)
MR       .....                  (no ring)
Stlth    ..........             (no ring)
HPRegen  0.23/turn              (no ring)
MPRegen  0.11/turn              (no ring)
                                (no ring)
                                (no ring)

@: berserking (expiring), lethally poisoned (-18 -> -21), very quick
A: almost no armour, stealthy swim, amphibious, 8 rings, constrict 8, camouflage
1, gelatinous body 1
a: Renounce Religion


You were on level 7 of the Dungeon.
You worshipped Nemelex Xobeh.
Nemelex Xobeh was aware of your devotion.
You were not hungry.

You visited 1 branch of the dungeon, and saw 8 of its levels.
You also visited: Ossuary.

You collected 273 gold pieces.

Inventory:

Hand Weapons
 a - a +1 dagger of electrocution (weapon)
 b - a +0 blowgun
 o - the +10 trident "Hyilus" {elec, Int+5}
   (You found it on level 4 of the Dungeon)

   Occasionally, upon striking a foe, it will discharge some electrical energy
   and cause terrible harm.
   It affects your intelligence (+5).
 y - a +0 dagger of venom
Missiles
 c - 8 poisoned needles
 d - 2 curare-tipped needles
 t - 7 silver tomahawks
 u - 131 stones (quivered)
 w - 2 tomahawks
 z - 2 throwing nets
Jewellery
 s - a ring of stealth (left tentacle)
Wands
 j - a wand of flame (44/48)
 C - a wand of flame (17/48)
Scrolls
 n - 2 scrolls of remove curse
 q - a scroll of teleportation
Potions
 e - a potion of flight
 l - a potion of degeneration {unknown}
 m - 2 potions of mutation
 p - a potion of heal wounds
 r - a potion of lignification {unknown}
 x - a potion of magic {unknown}
Books
 v - a book of Necromancy

   Spells                             Type                      Level
   a - Pain                           Necromancy                   1
   b - Animate Skeleton               Necromancy                   1
   c - Vampiric Draining              Necromancy                   3
   d - Regeneration                   Charms/Necromancy            3
   e - Animate Dead                   Necromancy                   4
   f - Control Undead                 Necromancy                   4
Miscellaneous
 k - a plain deck of destruction {drawn: 3}
 A - a plain deck of summoning
Comestibles
 f - 4 bread rations
 g - 6 meat rations
 h - 3 fruits


   Skills:
 - Level 2.0 Fighting
 - Level 5.0 Short Blades
 - Level 7.0 Throwing
 + Level 8.1 Dodging
 - Level 7.2 Stealth


You had 7 spell levels left.
You knew the following spells:

 Your Spells              Type           Power        Failure   Level  Hunger
a - Animate Skeleton      Necr           N/A          26%         1    ##.....


Dungeon Overview and Level Annotations

Branches:
Dungeon (8/15)             Temple (0/1) D:4
   Lair: D:8-11

Altars:
Hepliaklqana
Nemelex Xobeh

Shops:
D:4 :

Annotations:
D:4 gnoll castle


Innate Abilities, Weirdness & Mutations

You cannot wear most types of armour.
You are very stealthy in the water. (Stealth+)
You are amphibious.
You can wear up to eight rings at the same time.
You can use your tentacles to constrict eight enemies at once.
Your skin changes colour to match your surroundings (Stealth+).
Your rubbery body absorbs attacks. (AC +1, EV +1)


Message History

You feel sick.
You completely miss the orc. You grab the orc. Your squeeze misses the orc.
You constrict the orc, but do no damage.
You puncture the orc! Lightning courses through the orc!
You kill the orc!
You feel sick. The orc barely misses you.
You hit the orc priest. Your grab misses the orc priest.
The orc priest is severely wounded.
You hit the orc priest. You grab the orc priest.
The orc priest is almost dead.
You constrict the orc priest, but do no damage.
The orc priest begins to cast a cantrip, but forgets the words!
All of the chunks of flesh in your inventory have rotted away.
You puncture the orc priest!
You kill the orc priest!
You feel sick. The orc misses you.
A centaur zombie comes into view.
The two-headed ogre hits you with a giant club!!
You die...
Your body disappears without a glow.

# ... ...#.#...#
#.#.. .# ##.. .
#.###.###.##. #.#
#.. #.# ##.##.#
... .#####.#
#....## .# #..
#.....####....#..#
#.#
....#..##.....# ..
#..##.....###....
#.##...#.# #...
#@##...#.# ...
#Oo#..#?## .. .
#.....#.# .
#......)...... .
###......#.>.. .
#..##..####. .
....##..#
.O.Z####.# ..##.
..


You could see a two-headed ogre, an orc and a centaur zombie.

Vanquished Creatures
  A yak (D:7)
  A hungry ghost (D:8)
  An ice beast (D:7)
  An orc warrior (D:7)
  An ogre (D:4)
  A bullfrog (D:6)
  4 scorpions
  3 killer bees
  A crimson imp (D:8)
  An orc priest (D:7)
  A jelly (D:5)
  3 gnoll shamans (D:4)
  4 hounds
  6 orc wizards
  4 worker ants
  A mummy (D:6)
  2 worker ant zombies
  Robin (D:3)
  28 gnolls (D:4)
  A river rat (D:6)
  An adder (D:2)
  3 oozes
  An adder zombie (D:7)
  2 adder skeletons
  2 worms
  2 dart slugs
  3 leopard geckos
  15 orcs
  A ball python (D:2)
  2 bats (D:2)
  4 giant cockroaches
  14 goblins
  12 hobgoblins
  24 jackals
  8 kobolds
  5 quokkas
  3 frilled lizards
  A quokka skeleton (D:6)
  5 rats
174 creatures vanquished.

Vanquished Creatures (collateral kills)
  A gnoll sergeant (D:4)
  2 gnoll shamans (D:4)
  3 gnolls (D:4)
  An orc (D:6)
7 creatures vanquished.

Vanquished Creatures (others)
  A hound (D:6)
1 creature vanquished.

Grand Total: 182 creatures vanquished

Notes
Turn   | Place    | Note
-------+----------+-------------------------------------------
     0 | D:1      | xgamer67 the Octopode Assassin began the quest for the Orb.
     0 | D:1      | Reached XP level 1. HP: 14/14 MP: 1/1
    78 | D:1      | Reached XP level 2. HP: 19/19 MP: 2/2
   346 | D:1      | Reached XP level 3. HP: 20/24 MP: 3/3
   538 | D:2      | Found a hazy altar of Hepliaklqana.
  1335 | D:3      | Reached XP level 4. HP: 29/29 MP: 4/4
  1438 | D:3      | Noticed Robin
  1459 | D:3      | Killed Robin
  1947 | D:4      | Found a sparkling altar of Nemelex Xobeh.
  1970 | D:4      | Became a worshipper of Nemelex Xobeh the Trickster
  2239 | D:4      | Received a gift from Nemelex Xobeh
  2309 | D:4      | Found Usisedac's Book Shop.
  2329 | D:4      | Reached XP level 5. HP: 34/34 MP: 5/5
  2576 | D:4      | Reached XP level 6. HP: 16/39 MP: 6/6
  2826 | D:4      | Found a staircase to the Ecumenical Temple.
  3293 | D:4      | Reached skill level 5 in Short Blades
  3530 | D:4      | Reached XP level 7. HP: 45/45 MP: 7/7
  3547 | D:4      | Reached skill level 5 in Throwing
  4549 | D:4      | Got a brightly glowing trident
  4550 | D:4      | Identified the +10 trident "Hyilus" {elec, Int+5} (You found it on level 4 of the Dungeon)
  5053 | D:5      | Entered Level 5 of the Dungeon
  5069 | D:5      | Reached XP level 8. HP: 40/50 MP: 8/8
  5361 | D:6      | Reached skill level 2 in Dodging
  5400 | D:6      | Learned a level 1 spell: Animate Skeleton
  5531 | D:6      | Reached skill level 3 in Dodging
  5752 | D:6      | Reached skill level 4 in Dodging
  5779 | D:6      | Found a sand-covered staircase.
  5786 | Ossuary  | Entered an ossuary
  6086 | D:6      | Reached * piety under Nemelex Xobeh
  6190 | D:6      | Received a gift from Nemelex Xobeh
  6286 | D:6      | Reached skill level 5 in Dodging
  6650 | D:8      | Reached skill level 6 in Dodging
  6752 | D:8      | Reached XP level 9. HP: 54/54 MP: 9/9
  6788 | D:8      | Reached skill level 7 in Dodging
  7045 | D:7      | Reached skill level 8 in Dodging
  7049 | D:7      | Noticed a two-headed ogre
  7061 | D:7      | Demolished by a two-headed ogre

Vault maps used:
D:1:      roderic_crossed_star, serial_curves, eino_curves_02, eino_curves_02
D:2:      lemuel_crystal_altar, kennysheep_generic_room_5
D:3:      uniq_robin
D:4:      lemuel_castle_with_subvaults, minmay_temple_entry_nine_rooms,
          serial_shops, kennysheep_little_box, first_bread,
          nemelex_dance_club_becter
D:5:      uniq_blork_the_orc, uniq_menkaure
D:6:      gup_ossuary_entry_pyramid
D:7:      lemuel_coloured_pillars_altar, okawaru_gym_becter,
          uniq_crazy_yiuf_cottage
D:8:      lemuel_round_altar, nicolae_overflow_hidden_temple,
          minmay_lair_entry_grove
Ossuary:  ossuary_minmay_chase

Skill      XL: |  1  2  3  4  5  6  7  8  9 |
---------------+----------------------------+-----
Short Blades   | 3 4 5 |  5.0
Stealth        | 6 7 |  7.2
Throwing       | 3 4 6 7 |  7.0
Dodging        | 6 8 |  8.1
Fighting       | |  2.0

Action                   |  1- 3 |  4- 6 |  7- 9 || total
-------------------------+-------+-------+-------++-------
Melee: Dagger            |    69 |   113 |   215 ||   397
       Constrict         |    18 |    23 |    52 ||    93
       Tentacles         |    10 |    20 |    36 ||    66
 Fire: Blowgun           |       |     5 |     1 ||     6
Throw: Stone             |       |       |     2 ||     2
 Cast: Animate Skeleton  |       |       |     6 ||     6
Evoke: Deck              |       |       |     3 ||     3
       Wand              |       |       |     2 ||     2
  Use: Scroll            |       |     9 |     5 ||    14
       Potion            |       |       |     3 ||     3
 Stab: Sleeping          |    13 |    13 |    11 ||    37
       Distracted        |       |     2 |     2 ||     4
  Eat: Chunk             |     1 |     7 |    10 ||    18
       Fruit             |       |       |     2 ||     2
Armor: Skin              |     2 |     2 |     5 ||     9
Dodge: Dodged            |    36 |    46 |   110 ||   192
